[Event "ICC tourney 2314 (120 10)"]
[Site "Internet Chess Club"]
[Date "2021.01.17"]
[Round "4"]
[White "siddarth1"]
[Black "Elias1302"]
[Result "0-1"]
[ICCResult "White resigns"]
[WhiteElo "1462"]
[BlackElo "1609"]
[Opening "Scotch gambit: Benima defense"]
[ECO "C44"]
[NIC "SO.06"]
[Time "16:17:47"]
[PlyCount "42"]
[TimeControl "7200+10"]

1. e4 e5 2. Nf3 Nc6 3. d4 exd4 4. Bc4 Be7 5. c3 dxc3 6. Qd5 Nh6 7. Bxh6 O-O
8. Bc1 Nb4 9. Qd1 c2 10. Qe2 cxb1=Q 11. Rxb1 d5 12. exd5 Bf5 13. Ra1 Nc2+
14. Kf1 Nxa1 15. Nd4 Bg6 16. Bd3 Bxd3 17. Qxd3 Qxd5 18. Ke2 Rad8 19. Rd1 c5
20. Nf5 Qe6+ 21. Qe3 Qxf5 { White resigns } 0-1

[Event "ICC tourney 2314 (120 10)"]
[Site "Internet Chess Club"]
[Date "2021.01.17"]
[Round "4"]
[White "LOCHAR"]
[Black "IveDoneEnough"]
[Result "1-0"]
[ICCResult "Black resigns"]
[WhiteElo "1417"]
[BlackElo "1645"]
[Opening "English opening"]
[ECO "A16"]
[NIC "EO.64"]
[Time "16:17:50"]
[PlyCount "39"]
[TimeControl "7200+10"]

1. c4 Nf6 2. Nc3 g6 3. g3 Bg7 4. Bg2 O-O 5. e4 e5 6. d3 d6 7. Nge2 Be6 8.
O-O Nc6 9. Nd5 Nd7 10. Be3 f5 11. Qd2 Bxd5 12. exd5 Ne7 13. Bg5 Nf6 14.
Rad1 c6 15. dxc6 bxc6 16. Bh6 d5 17. Bxg7 Kxg7 18. Qe3 Qc7 19. Qc5 Nd7 20.
Qxe7+ { Black resigns } 1-0

[Event "ICC tourney 2314 (120 10)"]
[Site "Internet Chess Club"]
[Date "2021.01.17"]
[Round "4"]
[White "JonesGill"]
[Black "solveur"]
[Result "1-0"]
[ICCResult "Black resigns"]
[WhiteElo "1277"]
[BlackElo "1435"]
[Opening "Scotch gambit: Benima defense"]
[ECO "C44"]
[NIC "SO.06"]
[Time "16:17:42"]
[PlyCount "123"]
[TimeControl "7200+10"]

1. e4 e5 2. Nf3 Nc6 3. d4 exd4 4. Bc4 Be7 5. Nxd4 Ne5 6. Bb3 Nf6 7. Nc3 O-O
8. O-O d6 9. h3 Nc6 10. Nxc6 bxc6 11. Bf4 Be6 12. e5 Ne8 13. Qf3 d5 14.
Rad1 f6 15. Qe2 fxe5 16. Bxe5 Bf6 17. Bxf6 Qxf6 18. Rd3 Nd6 19. Rf3 Qh6 20.
Rxf8+ Rxf8 21. Re1 Re8 22. Qf3 Qd2 23. Qe2 Qxe2 24. Rxe2 Kf7 25. Kh2 Bf5
26. f3 Nc4 27. Bxc4 dxc4 28. Rxe8 Kxe8 29. Ne4 Ke7 30. Kg3 Ke6 31. Kf4 h6
32. g4 g5+ 33. Ke3 Bg6 34. Kd4 Bf7 35. c3 a5 36. Nd2 a4 37. Nxc4 Ke7 38. a3
Bd5 39. Ne5 Kd6 40. c4 c5+ 41. Kd3 Kxe5 42. cxd5 Kxd5 43. Kc3 c6 44. b3
axb3 45. Kxb3 Kd4 46. a4 c4+ 47. Kc2 c3 48. a5 Kc5 49. Kxc3 Kb5 50. Kd4 c5+
51. Kd5 c4 52. a6 c3 53. a7 c2 54. a8=Q c1=Q 55. Qb7+ Ka5 56. Qa8+ Kb6 57.
Qb8+ Ka6 58. Qd6+ Ka5 59. Qc5+ Qxc5+ 60. Kxc5 Ka4 61. Kd5 Kb4 62. Ke5 {
Black resigns } 1-0

[Event "ICC tourney 2314 (120 10)"]
[Site "Internet Chess Club"]
[Date "2021.01.17"]
[Round "4"]
[White "thihansa"]
[Black "Knightboy123"]
[Result "1/2-1/2"]
[ICCResult "Game drawn by mutual agreement"]
[WhiteElo "1231"]
[BlackElo "1661"]
[Opening "Sicilian: closed"]
[ECO "B23"]
[NIC "SI.44"]
[Time "16:17:45"]
[PlyCount "52"]
[TimeControl "7200+10"]

1. e4 c5 2. Nc3 e6 3. g3 Nc6 4. Bg2 Nf6 5. d3 d5 6. f4 Be7 7. e5 Nd7 8. Nf3
O-O 9. O-O a6 10. a4 Rb8 11. Bd2 Nb6 12. Ne2 d4 13. Qc1 Nd5 14. Kh1 b6 15.
b3 Bb7 16. Kg1 Qd7 17. Bh3 b5 18. axb5 axb5 19. g4 Ra8 20. Qb2 Rxa1 21.
Rxa1 Ra8 22. Rxa8+ Bxa8 23. Qa1 Bb7 24. Bg2 Qc7 25. h3 b4 26. Kf2 Kf8 {
Game drawn by mutual agreement } 1/2-1/2

[Event "ICC tourney 2314 (120 10)"]
[Site "Internet Chess Club"]
[Date "2021.01.17"]
[Round "4"]
[White "ChunkyApple"]
[Black "joefiler"]
[Result "1-0"]
[ICCResult "Black checkmated"]
[WhiteElo "1295"]
[BlackElo "654"]
[Opening "Sicilian: Grand Prix attack"]
[ECO "B21"]
[NIC "SI.48"]
[Time "16:17:59"]
[PlyCount "47"]
[TimeControl "7200+10"]

1. e4 c5 2. f4 e6 3. Nf3 Nc6 4. Bb5 Nge7 5. Bxc6 bxc6 6. d3 d6 7. Be3 Bb7
8. Nc3 Ng6 9. O-O Be7 10. f5 Nh4 11. fxe6 O-O 12. exf7+ Rxf7 13. Nxh4 Bxh4
14. Rxf7 Kxf7 15. Qf3+ Kg8 16. Ne2 a5 17. Rf1 Bf6 18. Ng3 c4 19. d4 c5 20.
dxc5 c3 21. bxc3 d5 22. Nh5 Be7 23. Qf7+ Kh8 24. Qxg7# { Black checkmated }
1-0

[Event "ICC tourney 2314 (120 10)"]
[Site "Internet Chess Club"]
[Date "2021.01.17"]
[Round "4"]
[White "akshajp"]
[Black "Sirichess"]
[Result "1-0"]
[ICCResult "Black resigns"]
[WhiteElo "1389"]
[BlackElo "1485"]
[Opening "Queen's pawn: Charlick (Englund) gambit"]
[ECO "A40"]
[NIC "QO.17"]
[Time "16:17:45"]
[PlyCount "97"]
[TimeControl "7200+10"]

1. d4 e5 2. dxe5 Nc6 3. Nf3 Qe7 4. Nc3 Nxe5 5. e4 Nf6 6. Nxe5 Qxe5 7. Bd3
Bb4 8. Bd2 O-O 9. O-O a6 10. Kh1 d6 11. f4 Qe7 12. Nd5 Nxd5 13. exd5 Bxd2
14. Qxd2 Qf6 15. b3 Bf5 16. Rae1 Rfe8 17. Re3 Rxe3 18. Qxe3 Bxd3 19. Qxd3
Re8 20. h3 h6 21. Kh2 Qg6 22. Qxg6 fxg6 23. Rf2 Kf7 24. g4 b5 25. Kg3 Re4
26. Rf3 Rd4 27. Rd3 Rxd3+ 28. cxd3 Kf6 29. Kf3 g5 30. d4 a5 31. f5 g6 32.
fxg6 Kxg6 33. Kg3 h5 34. Kf3 hxg4+ 35. hxg4 Kf6 36. Ke4 Kg6 37. a4 b4 38.
Kd3 Kf6 39. Kc4 Ke7 40. Kb5 Kd7 41. Kxa5 c5 42. dxc5 dxc5 43. Kb5 Kd6 44.
a5 Kxd5 45. a6 Kd4 46. a7 c4 47. bxc4 b3 48. a8=Q b2 49. Qh8+ { Black
resigns } 1-0

[Event "ICC tourney 2314 (120 10)"]
[Site "Internet Chess Club"]
[Date "2021.01.17"]
[Round "4"]
[White "rachael1120"]
[Black "joeandjoe28"]
[Result "1-0"]
[ICCResult "Black checkmated"]
[WhiteElo "1655"]
[BlackElo "1416"]
[Opening "Giuoco Piano"]
[ECO "C54"]
[NIC "IG.02"]
[Time "16:17:41"]
[PlyCount "49"]
[TimeControl "7200+10"]

1. e4 e5 2. Nf3 Nc6 3. Bc4 Bc5 4. c3 Nf6 5. d4 exd4 6. cxd4 Bb4+ 7. Bd2
Nxe4 8. Bxb4 Nxb4 9. Bxf7+ Kxf7 10. Qb3+ d5 11. Ne5+ Ke6 12. Qxb4 c5 13.
Qa3 Qb6 14. dxc5 Qxc5 15. Nd3 Qc2 16. O-O Bd7 17. Rc1 Qa4 18. Nc5+ Nxc5 19.
Qxc5 Rac8 20. Re1+ Kf6 21. Qd6+ Kf7 22. Re7+ Kf8 23. Rxd7+ Kg8 24. Qe6+ Kf8
25. Qf7# { Black checkmated } 1-0

[Event "ICC tourney 2314 (120 10)"]
[Site "Internet Chess Club"]
[Date "2021.01.17"]
[Round "4"]
[White "artistqueen"]
[Black "APBrain"]
[Result "1-0"]
[ICCResult "Black checkmated"]
[WhiteElo "1260"]
[BlackElo "1639"]
[Opening "Sicilian: Pelikan, Chelyabinsk variation"]
[ECO "B33"]
[NIC "SI.37"]
[Time "16:17:48"]
[PlyCount "101"]
[TimeControl "7200+10"]

1. e4 c5 2. Nf3 Nc6 3. d4 cxd4 4. Nxd4 Nf6 5. Nc3 e5 6. Ndb5 d6 7. Bg5 a6
8. Na3 b5 9. Bxf6 gxf6 10. Nd5 Bg7 11. Bd3 Ne7 12. Nxe7 Qxe7 13. c3 O-O 14.
O-O Bb7 15. Qe2 Rfe8 16. Rfe1 Qc7 17. Rac1 Rad8 18. c4 b4 19. Nc2 a5 20. b3
f5 21. exf5 e4 22. f6 Bh6 23. Qh5 Bf8 24. Qg4+ Kh8 25. Bxe4 Bxe4 26. Rxe4
Rxe4 27. Qxe4 Qb6 28. Nd4 d5 29. cxd5 Qxf6 30. Rc6 Qg7 31. h3 Bd6 32. Rxd6
Rxd6 33. Qe8+ Qg8 34. Qe5+ Qg7 35. Qxd6 h6 36. Nf5 Qg6 37. Qxg6 fxg6 38. d6
gxf5 39. d7 Kg7 40. d8=Q f4 41. Qxa5 f3 42. Qxb4 fxg2 43. a4 h5 44. a5 h4
45. a6 Kf6 46. a7 Ke6 47. a8=Q Ke5 48. Qaa5+ Ke6 49. Qbb6+ Kd7 50. Qaa7+
Ke8 51. Qbb8# { Black checkmated } 1-0

[Event "ICC tourney 2314 (120 10)"]
[Site "Internet Chess Club"]
[Date "2021.01.17"]
[Round "4"]
[White "chessprogidy"]
[Black "MasterIVGM20"]
[Result "1-0"]
[ICCResult "Black checkmated"]
[WhiteElo "1361"]
[BlackElo "1184"]
[Opening "Queen's bishop game"]
[ECO "D00"]
[NIC "QP.08"]
[Time "16:17:42"]
[PlyCount "71"]
[TimeControl "7200+10"]

1. d4 d5 2. Bf4 Nf6 3. Nf3 Bf5 4. e3 e6 5. Bd3 Bg4 6. Nbd2 Nbd7 7. h3 Bh5
8. O-O Bd6 9. Bxd6 cxd6 10. c3 e5 11. e4 dxe4 12. Nxe4 d5 13. Nxf6+ Qxf6
14. dxe5 Nxe5 15. Bb5+ Kf8 16. Nxe5 Qxe5 17. Qa4 Qg5 18. Kh1 Bg6 19. Rfe1
f6 20. Bd7 a5 21. Re2 Be4 22. Qa3+ Kf7 23. f3 Bf5 24. Bxf5 Qxf5 25. Re7+
Kg6 26. Rae1 b5 27. Qd6 Qg5 28. Qh2 h6 29. h4 Qf5 30. Qg3+ Kh5 31. Rxg7
Rae8 32. Rxe8 Rxe8 33. Qf2 Qb1+ 34. Kh2 f5 35. g4+ fxg4 36. fxg4# { Black
checkmated } 1-0

[Event "ICC tourney 2314 (120 10)"]
[Site "Internet Chess Club"]
[Date "2021.01.17"]
[Round "4"]
[White "jackl514"]
[Black "bgl2011"]
[Result "1-0"]
[ICCResult "Black checkmated"]
[WhiteElo "1606"]
[BlackElo "1496"]
[Opening "Ruy Lopez: 5.O-O"]
[ECO "C78"]
[NIC "RL.12"]
[Time "16:17:56"]
[PlyCount "61"]
[TimeControl "7200+10"]

1. e4 e5 2. Nf3 Nc6 3. Bb5 a6 4. Ba4 Nf6 5. O-O b5 6. Bb3 Bc5 7. Nxe5 Nxe5
8. d4 Bxd4 9. Qxd4 Nc6 10. Qd3 d6 11. Bg5 h6 12. Bh4 Be6 13. f4 Bxb3 14.
axb3 O-O 15. Nc3 Nb4 16. Qg3 Nh5 17. Qg4 Nf6 18. Qe2 Re8 19. e5 dxe5 20.
Rad1 Qe7 21. Ne4 Nc6 22. fxe5 Qxe5 23. Nxf6+ gxf6 24. Qg4+ Kh7 25. Bxf6
Qc5+ 26. Kh1 Qf8 27. Qf5+ Kg8 28. Rd3 Qb4 29. Rg3+ Kf8 30. Qh7 Re1 31. Rg8#
{ Black checkmated } 1-0

[Event "ICC tourney 2314 (120 10)"]
[Site "Internet Chess Club"]
[Date "2021.01.17"]
[Round "4"]
[White "Eagle2020"]
[Black "WaSabi5829"]
[Result "1-0"]
[ICCResult "Black resigns"]
[WhiteElo "1518"]
[BlackElo "1386"]
[Opening "Sicilian: Alapin's variation (2.c3)"]
[ECO "B22"]
[NIC "SI.46"]
[Time "16:17:41"]
[PlyCount "81"]
[TimeControl "7200+10"]

1. e4 c5 2. c3 d6 3. d4 cxd4 4. cxd4 g6 5. Nf3 Bg7 6. Bc4 e6 7. O-O Ne7 8.
h3 O-O 9. Be3 a6 10. Nc3 b5 11. Bb3 Bb7 12. a3 Qd7 13. Qd2 Nbc6 14. Bh6
Rac8 15. Bxg7 Kxg7 16. d5 Na5 17. dxe6 fxe6 18. Ba2 Nc4 19. Bxc4 Rxc4 20.
Ne5 Qc7 21. Nxc4 bxc4 22. Ne2 e5 23. Ng3 Nc6 24. Qg5 h6 25. Nh5+ Kh7 26.
Nf6+ Kg7 27. Nd5 Qf7 28. Qc1 Na5 29. Qc3 Bxd5 30. exd5 Nb3 31. Rad1 Rc8 32.
f4 Nd4 33. Rxd4 exd4 34. Qxd4+ Qf6 35. Qa7+ Kg8 36. Rf2 Rf8 37. Qxa6 g5 38.
f5 Qe5 39. Qxc4 Qe1+ 40. Rf1 Qe3+ 41. Kh1 { Black resigns } 1-0

[Event "ICC tourney 2314 (120 10)"]
[Site "Internet Chess Club"]
[Date "2021.01.17"]
[Round "4"]
[White "ZYCON"]
[Black "JavierDix"]
[Result "1/2-1/2"]
[ICCResult "Game drawn by mutual agreement"]
[WhiteElo "1385"]
[BlackElo "1472"]
[Opening "Queen's gambit declined"]
[ECO "D30"]
[NIC "QP.08"]
[Time "16:18:03"]
[PlyCount "77"]
[TimeControl "7200+10"]

1. d4 d5 2. c4 e6 3. Nf3 Nf6 4. e3 Be7 5. Bd3 O-O 6. O-O b6 7. Nc3 dxc4 8.
Bxc4 Ba6 9. Bxa6 Nxa6 10. e4 c5 11. Bf4 Nb4 12. dxc5 Bxc5 13. Bg5 h6 14.
Qxd8 Raxd8 15. Bxf6 gxf6 16. Rfd1 Nd3 17. Rd2 Nf4 18. Rad1 Rxd2 19. Rxd2 a6
20. h3 Rc8 21. Rd7 Bb4 22. Rb7 Bxc3 23. bxc3 Rxc3 24. Rxb6 Ra3 25. Rb2 Nd3
26. Rb3 Rxb3 27. axb3 Nc5 28. Nd2 a5 29. Kf1 Kg7 30. Ke2 Kg6 31. f4 Kh5 32.
g3 f5 33. e5 Kg6 34. Ke3 a4 35. bxa4 Nxa4 36. Kd4 Nb6 37. Kc5 Nd5 38. Kd4
h5 39. Nf3 { Game drawn by mutual agreement } 1/2-1/2

[Event "ICC tourney 2314 (120 10)"]
[Site "Internet Chess Club"]
[Date "2021.01.17"]
[Round "4"]
[White "shrey16ultimate"]
[Black "Vinny773175"]
[Result "0-1"]
[ICCResult "White checkmated"]
[WhiteElo "1582"]
[BlackElo "1696"]
[Opening "Queen's pawn, Mason variation"]
[ECO "D00"]
[NIC "QP.08"]
[Time "16:17:45"]
[PlyCount "92"]
[TimeControl "7200+10"]

1. d4 d5 2. Bf4 Bf5 3. e3 e6 4. c4 c6 5. Nc3 Nf6 6. Nf3 Nbd7 7. Qb3 b6 8.
Rc1 dxc4 9. Bxc4 Nh5 10. Bg5 Be7 11. Bxe7 Qxe7 12. e4 Bg6 13. Qa4 b5 14.
Nxb5 cxb5 15. Bxb5 Rd8 16. Rc7 O-O 17. Rxd7 Rxd7 18. Bxd7 Bxe4 19. Qb5 Nf4
20. O-O Bd3 21. Qa4 Bxf1 22. Kxf1 Rd8 23. Bb5 Qc7 24. Bc4 Rc8 25. b3 Nd5
26. Bxd5 exd5 27. Qb5 Qc6 28. Qa5 Qc1+ 29. Ne1 Re8 30. g3 Qd1 31. h4 Qe2+
32. Kg2 Qxe1 33. Qxa7 h5 34. Qd7 Qe4+ 35. Kh2 Re6 36. Qc8+ Kh7 37. Qc1 Rf6
38. Kg1 Qxd4 39. Qc2+ g6 40. a4 Rf3 41. Kg2 Rd3 42. Qc7 Kg7 43. Kg1 Rd1+
44. Kg2 Qe4+ 45. f3 Qe2+ 46. Kh3 Rh1# { White checkmated } 0-1

[Event "ICC tourney 2314 (120 10)"]
[Site "Internet Chess Club"]
[Date "2021.01.17"]
[Round "4"]
[White "atchess11"]
[Black "gduranko"]
[Result "1/2-1/2"]
[ICCResult "Game drawn by mutual agreement"]
[WhiteElo "1398"]
[BlackElo "1515"]
[Opening "Sicilian: accelerated fianchetto, modern variation"]
[ECO "B34"]
[NIC "SI.33"]
[Time "16:17:52"]
[PlyCount "81"]
[TimeControl "7200+10"]

1. e4 c5 2. Nf3 g6 3. d4 cxd4 4. Nxd4 Nc6 5. Nc3 Nf6 6. Be3 Bg7 7. Be2 d5
8. exd5 Nxd5 9. Nxd5 Qxd5 10. Nxc6 Qxc6 11. c3 Bf5 12. Bf3 Be4 13. Bxe4
Qxe4 14. Qf3 Qxf3 15. gxf3 O-O 16. O-O Rfd8 17. Rad1 b6 18. Rfe1 Bf6 19.
Kf1 Rac8 20. Ke2 e6 21. Rxd8+ Rxd8 22. Rd1 Rxd1 23. Kxd1 Kf8 24. Kd2 Ke7
25. Kd3 Kd6 26. Ke4 Bd8 27. Bf4+ Kc5 28. Be3+ Kd6 29. Bf4+ Kc5 30. Bb8 a6
31. Ke5 Be7 32. Ke4 Bd6 33. Bxd6+ Kxd6 34. b4 h5 35. f4 b5 36. h4 f6 37. f3
Kc6 38. Kd4 Kd6 39. a3 e5+ 40. fxe5+ fxe5+ 41. Ke4 { Game drawn by mutual
agreement } 1/2-1/2

[Event "ICC tourney 2314 (120 10)"]
[Site "Internet Chess Club"]
[Date "2021.01.17"]
[Round "4"]
[White "awakeprize"]
[Black "kevinwang"]
[Result "1-0"]
[ICCResult "Black resigns"]
[WhiteElo "1470"]
[BlackElo "1262"]
[Opening "Sicilian"]
[ECO "B50"]
[NIC "SI.01"]
[Time "16:17:57"]
[PlyCount "125"]
[TimeControl "7200+10"]

1. e4 c5 2. Nf3 d6 3. c3 Nf6 4. Be2 Nxe4 5. Qa4+ Bd7 6. Qxe4 Nc6 7. d4 cxd4
8. Nxd4 Nxd4 9. Qxd4 e5 10. Qb4 Bc6 11. Bb5 Qd7 12. Bxc6 Qxc6 13. O-O Be7
14. a4 a6 15. a5 O-O 16. Qa4 Qd5 17. Qg4 Kh8 18. Nd2 Qc6 19. Qe4 Qd7 20.
Nc4 Qe6 21. Nb6 Rab8 22. Qd5 Qf5 23. Qf3 Qe6 24. Qh3 Qxh3 25. gxh3 Rbd8 26.
Nd5 Bh4 27. f4 e4 28. Be3 f5 29. Bf2 Bxf2+ 30. Rxf2 Rfe8 31. Rd1 Re6 32.
Rfd2 Rg6+ 33. Rg2 Rh6 34. Rg3 Rd7 35. Rg5 g6 36. Nb6 Rd8 37. Nc4 Rxh3 38.
Nxd6 Rd3 39. Rxd3 exd3 40. Nc4 d2 41. Nxd2 Rxd2 42. Rg2 Rd1+ 43. Kf2 Rd2+
44. Kg3 Rd5 45. Re2 Rxa5 46. Re8+ Kg7 47. Re7+ Kh6 48. Rxb7 Rb5 49. Rxb5
axb5 50. b3 Kg7 51. c4 bxc4 52. bxc4 Kf6 53. h4 h5 54. Kf3 Ke6 55. Ke3 Kd6
56. Kd4 Kc6 57. c5 g5 58. hxg5 h4 59. g6 h3 60. g7 h2 61. g8=Q h1=Q 62.
Qa8+ Kc7 63. Qxh1 { Black resigns } 1-0

[Event "ICC tourney 2314 (120 10)"]
[Site "Internet Chess Club"]
[Date "2021.01.17"]
[Round "4"]
[White "eroedel"]
[Black "Hari152"]
[Result "1-0"]
[ICCResult "Black checkmated"]
[WhiteElo "1480"]
[BlackElo "1180"]
[Opening "Pirc: classical (two knights) system"]
[ECO "B08"]
[NIC "PU.10"]
[Time "16:17:46"]
[PlyCount "103"]
[TimeControl "7200+10"]

1. e4 d6 2. d4 Nf6 3. Nc3 g6 4. Nf3 Bg7 5. Bc4 O-O 6. Bg5 Nxe4 7. Nxe4 d5
8. Bd3 dxe4 9. Bxe4 Nc6 10. c3 Bg4 11. h3 Bxf3 12. Bxf3 Qd6 13. O-O e5 14.
d5 Ne7 15. Re1 h6 16. Bxe7 Qxe7 17. Qc2 Rad8 18. Rad1 Qg5 19. Be2 Rd6 20.
Bc4 Rf6 21. Re3 Qh4 22. Bd3 Rd8 23. c4 b5 24. b3 bxc4 25. Bxc4 Rf5 26. Rde1
Re8 27. Re4 Qf6 28. Qd2 Qb6 29. Kf1 Rd8 30. Qe3 Qxe3 31. R1xe3 Rf4 32. Rxf4
exf4 33. Re7 Rc8 34. d6 Bf8 35. Rxc7 Rd8 36. d7 Bd6 37. Rxa7 Kf8 38. a4 Ke7
39. Bb5 h5 40. Rb7 g5 41. f3 f5 42. a5 g4 43. h4 gxf3 44. gxf3 Be5 45. Kg2
Bf6 46. Kh3 Rg8 47. Be2 Bd4 48. d8=Q+ Ke6 49. Qxg8+ Kd6 50. Bc4 Bb6 51.
Rxb6+ Ke5 52. Qd5# { Black checkmated } 1-0

[Event "ICC tourney 2314 (120 10)"]
[Site "Internet Chess Club"]
[Date "2021.01.17"]
[Round "4"]
[White "boochodu"]
[Black "StevChess01"]
[Result "1/2-1/2"]
[ICCResult "Game drawn by mutual agreement"]
[WhiteElo "1500"]
[BlackElo "1632"]
[Opening "English, 1...Nf6 (Anglo-Indian defense)"]
[ECO "A15"]
[NIC "EO.64"]
[Time "16:17:43"]
[PlyCount "90"]
[TimeControl "7200+10"]

1. c4 Nf6 2. g3 c6 3. Bg2 d5 4. cxd5 cxd5 5. d4 Nc6 6. Nf3 Bf5 7. Nc3 e6 8.
O-O Be7 9. Bf4 Bd6 10. Bxd6 Qxd6 11. Qb3 Qb4 12. Qxb4 Nxb4 13. a3 Nc6 14.
Nb5 O-O 15. Rac1 Rfd8 16. Rfd1 a6 17. Nc3 h6 18. Na4 Nd7 19. Nc5 Nxc5 20.
dxc5 a5 21. e3 Bg4 22. h3 Bxf3 23. Bxf3 f5 24. Bg2 a4 25. g4 g6 26. f3 Kf7
27. e4 d4 28. exf5 gxf5 29. f4 Na5 30. Kf2 Rac8 31. Rc2 Rc7 32. gxf5 exf5
33. Bf3 Nb3 34. c6 bxc6 35. Rxc6 Rxc6 36. Bxc6 Nc5 37. Kf3 Rd6 38. Bb5 d3
39. Ke3 Rb6 40. Bc4+ Kf6 41. Rd2 Ne4 42. Rxd3 Rxb2 43. Kd4 Rb8 44. Ke3 Rb2
45. Kd4 Rb8 { Game drawn by mutual agreement } 1/2-1/2

[Event "ICC tourney 2314 (120 10)"]
[Site "Internet Chess Club"]
[Date "2021.01.17"]
[Round "4"]
[White "Il123"]
[Black "avats"]
[Result "0-1"]
[ICCResult "White resigns"]
[WhiteElo "1461"]
[BlackElo "1584"]
[Opening "French: Rubinstein variation"]
[ECO "C10"]
[NIC "FR.07"]
[Time "16:17:43"]
[PlyCount "116"]
[TimeControl "7200+10"]

1. e4 e6 2. d4 d5 3. Nc3 dxe4 4. Nxe4 Nd7 5. Nf3 Ngf6 6. Ng3 Be7 7. Be2 O-O
8. O-O b6 9. c4 Bb7 10. h3 c5 11. b3 Re8 12. Bb2 Qc7 13. Re1 Rad8 14. Qc2
cxd4 15. Nxd4 Nf8 16. Nb5 Qb8 17. Bd3 Rd7 18. Be5 Qa8 19. Nc7 Rxc7 20. Bxc7
Bxg2 21. Be4 Nxe4 22. Nxe4 Bxh3 23. Rad1 f5 24. Rd3 Bg4 25. Nc3 Qb7 26. Bf4
g5 27. Be5 f4 28. Rd2 Bh3 29. Qe4 Qxe4 30. Nxe4 Bf5 31. Bf6 Bxe4 32. Bxe7
Rxe7 33. Rxe4 e5 34. Rde2 Ng6 35. Kh2 h5 36. Kg2 g4 37. Kh2 h4 38. Re1 g3+
39. fxg3 hxg3+ 40. Kh3 Rh7+ 41. Kg2 Nh4+ 42. Kf1 Nf3 43. R1e2 Nh2+ 44. Kg2
Rg7 45. Rxe5 f3+ 46. Kh3 fxe2 47. Rxe2 Kf7 48. Rg2 Ke6 49. b4 Ke5 50. Rd2
Kf4 51. a4 Kf3 52. Rd3+ Kf2 53. Rd2+ Ke3 54. Rd1 Nf3 55. Kg2 Nh4+ 56. Kg1
g2 57. Re1+ Kd2 58. Kf2 Rf7+ { White resigns } 0-1

[Event "ICC tourney 2314 (120 10)"]
[Site "Internet Chess Club"]
[Date "2021.01.17"]
[Round "4"]
[White "Elatedbook"]
[Black "RachanaB"]
[Result "1-0"]
[ICCResult "Black resigns"]
[WhiteElo "1270"]
[BlackElo "1461"]
[Opening "Caro-Kann: classical, 6.h4"]
[ECO "B18"]
[NIC "CK.11"]
[Time "16:17:43"]
[PlyCount "141"]
[TimeControl "7200+10"]

1. e4 c6 2. d4 d5 3. Nc3 dxe4 4. Nxe4 Bf5 5. Ng3 Bg6 6. h4 h6 7. h5 Bh7 8.
Nf3 Nd7 9. Bc4 Ngf6 10. Be3 e6 11. Qe2 Bd6 12. Bd2 O-O 13. c3 Nb6 14. Bb3
Re8 15. Ne5 Qc7 16. f4 c5 17. O-O Qe7 18. Nh1 Nfd5 19. g3 cxd4 20. cxd4 Nd7
21. Ba4 N5b6 22. Bb3 Nxe5 23. dxe5 Bc5+ 24. Nf2 Red8 25. Kh2 g6 26. Rac1
Rac8 27. Ne4 Bb4 28. Bxb4 Qxb4 29. Nf6+ Kg7 30. Rcd1 Qe7 31. hxg6 Bxg6 32.
Qg4 Rxd1 33. Rxd1 Rh8 34. Qh4 Kf8 35. Qh3 Bf5 36. Qg2 h5 37. Qf2 Bg4 38.
Rh1 Bf5 39. Kg1 Bg6 40. Qe2 Qc5+ 41. Kf1 Qc1+ 42. Kg2 Qc6+ 43. Kg1 Qc1+ 44.
Qd1 Qxd1+ 45. Bxd1 Kg7 46. Bxh5 Bxh5 47. Rxh5 Rd8 48. Rh7+ Kf8 49. Rh8+ Ke7
50. Rxd8 Kxd8 51. Kf2 Kc7 52. Ke3 Kc6 53. Kd4 Nc8 54. Ne8 a6 55. g4 Kd7 56.
Nf6+ Kc6 57. Ne4 b6 58. Ng5 Kd7 59. Nxf7 Ke7 60. Ng5 Kd7 61. Ne4 Ne7 62.
Nd6 Nc6+ 63. Kc4 Na5+ 64. Kd4 Nc6+ 65. Ke4 b5 66. g5 Ke7 67. a3 Kf8 68. Nb7
Kf7 69. b4 Ke7 70. Nc5 Nb8 71. g6 { Black resigns } 1-0

[Event "ICC tourney 2314 (120 10)"]
[Site "Internet Chess Club"]
[Date "2021.01.17"]
[Round "4"]
[White "DrBoler"]
[Black "AndreiM"]
[Result "1-0"]
[ICCResult "Black checkmated"]
[WhiteElo "1442"]
[BlackElo "1523"]
[Opening "Queen's pawn: London system"]
[ECO "A45"]
[NIC "QP.07"]
[Time "16:17:53"]
[PlyCount "213"]
[TimeControl "7200+10"]

1. d4 Nf6 2. Bf4 d5 3. e3 c5 4. c3 Qb6 5. Qb3 Qxb3 6. axb3 cxd4 7. exd4 Nc6
8. Nd2 e6 9. Ngf3 Be7 10. Bd3 O-O 11. O-O Bd7 12. h3 Rfc8 13. Rfe1 h6 14.
b4 b6 15. b5 Na5 16. Ne5 Be8 17. Bh2 Nd7 18. f4 Nxe5 19. fxe5 Nc4 20. Nxc4
dxc4 21. Be4 Rab8 22. Rxa7 Bg5 23. Rf1 Bd8 24. Rfa1 Bxb5 25. Bf4 Bc6 26.
Bxc6 Rxc6 27. Kf1 Rbc8 28. Ke2 b5 29. Rb7 Rb6 30. Raa7 g5 31. Be3 f5 32.
exf6 Rxb7 33. Rxb7 Bxf6 34. Rxb5 Kf7 35. Rb7+ Kg6 36. g4 Rc6 37. Kf3 h5 38.
Ke4 hxg4 39. hxg4 Rc8 40. Bf2 Bg7 41. Bg3 Bf8 42. Ke5 Rc6 43. Ke4 Kf6 44.
Be5+ Kg6 45. Rb8 Kf7 46. Rb7+ Kg6 47. Rc7 Rb6 48. Rxc4 Rxb2 49. Rc6 Kf7 50.
Rc7+ Ke8 51. c4 Kd8 52. c5 Re2+ 53. Kf3 Rxe5 54. Rf7 Bxc5 55. dxe5 Ke8 56.
Rg7 Be7 57. Rg6 Kf7 58. Rh6 Bf8 59. Rh1 Bg7 60. Ke4 Bf8 61. Rb1 Ke8 62. Rb7
Be7 63. Kd4 Ba3 64. Kc4 Bc1 65. Kc5 Ba3+ 66. Kc6 Bf8 67. Rd7 Bb4 68. Rd6
Ke7 69. Rd7+ Kf8 70. Rh7 Ke8 71. Rh5 Bd2 72. Kd6 Kf7 73. Kd7 Bf4 74. Rh7+
Kg8 75. Re7 Bxe5 76. Rxe6 Bf4 77. Ke7 Kg7 78. Kd7 Kf7 79. Re2 Bg3 80. Kc6
Kf6 81. Kd5 Kf7 82. Ke4 Kf6 83. Re3 Bf4 84. Rb3 Ke6 85. Rb6+ Kf7 86. Kf5
Be3 87. Rb7+ Kg8 88. Kg6 Bf4 89. Rd7 Kf8 90. Rh7 Kg8 91. Rf7 Bg3 92. Rd7
Kf8 93. Kxg5 Ke8 94. Rb7 Kd8 95. Kg6 Kc8 96. Rh7 Be5 97. g5 Kd8 98. Kf5 Bc3
99. g6 Ke8 100. Rf7 Bb4 101. Ke6 Bc3 102. g7 Bxg7 103. Rxg7 Kf8 104. Ra7
Kg8 105. Kf6 Kh8 106. Kg6 Kg8 107. Ra8# { Black checkmated } 1-0

[Event "ICC tourney 2314 (120 10)"]
[Site "Internet Chess Club"]
[Date "2021.01.17"]
[Round "4"]
[White "MikeWMason"]
[Black "pusheen2019"]
[Result "1/2-1/2"]
[ICCResult "Game drawn by mutual agreement"]
[WhiteElo "1699"]
[BlackElo "1499"]
[Opening "French: Tarrasch, closed variation, main line"]
[ECO "C06"]
[NIC "FR.17"]
[Time "16:17:46"]
[PlyCount "47"]
[TimeControl "7200+10"]

1. e4 e6 2. d4 d5 3. Nd2 Nf6 4. e5 Nfd7 5. Bd3 c5 6. c3 Nc6 7. Ne2 cxd4 8.
cxd4 f6 9. exf6 Nxf6 10. O-O Bd6 11. Nf3 O-O 12. Bg5 Qc7 13. Rc1 Nh5 14.
Ng3 Nf4 15. Bb1 h6 16. Bxf4 Bxf4 17. Qd3 g5 18. Nh5 Bxc1 19. Qg6+ Kh8 20.
Qxh6+ Kg8 21. Rxc1 Qe7 22. Nxg5 Nxd4 23. Qg6+ Kh8 24. Qh6+ { Game drawn by
mutual agreement } 1/2-1/2